 Dungeon Crawl Stone Soup version 0.31-a0-1620-gcbf77bbcfc (webtiles) character file.

Game seed: 10452595787263451606

9962 voltaire321 the Basher (level 11, 0/117 HPs)
             Began as an Oni Gladiator on Jan 12, 2024.
             Was a Follower of Wu Jian.
             Killed from afar by an acid dragon (23 damage)
             ... with a splash of acid
             ... on level 9 of the Dungeon.
             The game lasted 00:25:16 (8866 turns).

voltaire321 the Basher (Oni Gladiator)              Turns: 8866, Time: 00:25:17

Health: 0/117      AC:  4    Str: 28    XL:     11   Next: 54%
Magic:  11/11      EV: 12    Int: 14    God:    Wu Jian [*.....]
Gold:   428        SH:  5    Dex: 13    Spells: 10/10 levels left

rFire   . . .        o - +9 morningstar of Zibimpal {protect, Int+3 Dex+3 Stlth-}
rCold   + . .        (no shield)
rNeg    . . .        C - +1 robe {rC+}
rPois   .            c - +0 hat
rElec   .            p - +0 cloak
rCorr   .            (gloves unavailable)
SInv    +            (boots unavailable)
Will    +....        K - amulet of reflection Stlth
                     h - ring of see invisible
HPRegen 0.39/turn    y - +6 ring of strength
MPRegen 0.12/turn

%: reflection
@: corroded, under a protective aura
A: large, unfitting armour, horns 1, tough skin 1, double potion healing,
drunken brawling
a: Renounce Religion


You were on level 9 of the Dungeon.
You worshipped Wu Jian.
Wu Jian was aware of your devotion.
You visited 2 branches of the dungeon, and saw 10 of its levels.
You also visited: Sewer.

You collected 543 gold pieces.
You spent 115 gold pieces at shops.

Inventory:

Hand Weapons
 o - the +9 morningstar of Zibimpal (weapon) {protect, Int+3 Dex+3 Stlth-}
   (You found it on level 2 of the Dungeon)

   Int+3:     It affects your intelligence (+3).
   Dex+3:     It affects your dexterity (+3).
   Stlth-:    It makes you less stealthy.
 P - a +0 giant spiked club
Missiles
 d - 2 throwing nets
 e - 16 large rocks (quivered)
 D - a curare-tipped dart
 F - 11 poisoned darts
 H - 5 boomerangs
Armour
 c - a +0 hat (worn)
 p - a +0 cloak (worn)
 B - a +1 robe of positive energy
 C - a +1 robe of cold resistance (worn)
 J - a +1 robe of willpower
Jewellery
 h - a ring of see invisible (left hand)
 y - a +6 ring of strength (right hand)
 K - an amulet of reflection (around neck)
 N - a ring of resist corrosion
Wands
 a - a wand of flame (128)
 L - a wand of mindburst (19)
 O - a wand of iceblast (11)
Scrolls
 b - a scroll of torment {unknown}
 g - 2 scrolls of amnesia {unknown}
 k - 2 scrolls of fear {unknown}
 l - 2 scrolls of enchant armour {unknown}
 n - 5 scrolls of teleportation
 t - 3 scrolls of noise {unknown}
 v - 3 scrolls of blinking {unknown}
 x - 2 scrolls of fog {unknown}
 z - a scroll of silence
 G - 2 scrolls of poison {unknown}
 I - a scroll of immolation {unknown}
 M - a scroll of vulnerability {unknown}
Potions
 f - 3 potions of resistance
 i - a potion of berserk rage {unknown}
 j - 2 potions of haste {unknown}
 q - 3 potions of curing
 r - 2 potions of might {unknown}
 s - 2 potions of attraction {unknown}
 u - 2 potions of mutation {unknown}
 w - a potion of magic {unknown}
 A - a potion of brilliance {unknown}
 E - a potion of enlightenment {unknown}
 Q - a potion of invisibility {unknown}


   Skills:
 + Level 10.0 Fighting
 * Level 10.5 Maces & Flails
 - Level 6.0 Throwing
 + Level 6.4 Armour
 + Level 7.0 Dodging
 + Level 4.5 Evocations


You had 10 spell levels left.
You didn't know any spells.
Your spell library contained the following spells:

 Spells                   Type           Power      Damage    Failure   Level
 Apportation              Tloc           0%         N/A       28%         1
 Magic Dart               Conj           0%         1d3       28%         1
 Necrotise                Necr           0%         1d4       28%         1
 Sting                    Conj/Alch      0%         1d3       28%         1
 Summon Small Mammal      Summ           0%         N/A       28%         1
 Blink                    Tloc           0%         N/A       41%         2
 Lesser Beckoning         Tloc           0%         N/A       41%         2
 Momentum Strike          Conj/Tloc      0%         3d8       41%         2
 Searing Ray              Conj           0%         2d4       41%         2
 Hailstorm                Conj/Ice       0%         3d5       65%         3
 Inner Flame              Hex/Fire       0%         N/A       65%         3
 Summon Ice Beast         Ice/Summ       0%         N/A       65%         3
 Flame Wave               Conj/Fire      0%         2d4       96%         4
 Fulminant Prism          Conj/Alch      0%         3d5       96%         4
 Sticky Flame             Fire/Alch      0%         2d4       96%         4
 Sculpt Simulacrum        Ice/Alch       0%         N/A       100%        6


Dungeon Overview and Level Annotations

Branches:
Dungeon (9/15)             Temple (1/1) D:7           Sewer (visited)
   Lair: D:8-11         Orc: D:9-12

Altars:
Ashenzari
Cheibriados
Dithmenos
Elyvilon
Fedhas
Gozag
Hepliaklqana
Kikubaaqudgha
Makhleb
Nemelex Xobeh
Okawaru
Qazlal
Ru
Sif Muna
Trog
Uskayaw
Vehumet
Wu Jian
Yredelemnul
Zin

Shops:
D:2 =   D:4 :   D:6 *


Innate Abilities, Weirdness & Mutations

You are too large for most types of armour.
You have a pair of small horns on your head.
You have tough skin. (AC +1)
You gain doubled healing and magic from potions.
Whenever you drink a healing potion, you attack all around you.


Message History

* * * LOW HITPOINT WARNING * * *
Pikel barely misses you.
You impale Pikel!!
You kill Pikel!
The Council accepts your kill.
With Pikel's spell broken, his former minions thank you for their freedom.
The lemure departs this earthly plane. x3
The howler monkey hoots and howls with incredible vigour!
The acid dragon closely misses you. x2; The howler monkey barely misses you.
You hear a loud, deep croak!
You hear a shout!
Your Fighting skill increases to level 10!
You take a swig of the potion and twirl the +9 morningstar of Zibimpal {protect, Int+3 Dex+3 Stlth-}.
You barely miss the howler monkey. You headbutt the howler monkey.
The howler monkey is moderately wounded.
You puncture the acid dragon!
The acid dragon is moderately wounded.
You savour every drop.
You feel better. The acid dragon bites you.
The acid dragon claws you but does no damage.
The howler monkey closely misses you.
You puncture the acid dragon!
You headbutt the acid dragon, but do no damage.
The acid dragon is severely wounded.
The howler monkey hits you but does no damage.
The acid dragon barely misses you. The acid dragon misses you.
You completely miss the acid dragon.
The acid dragon is severely wounded.
You block the howler monkey's attack. The acid dragon spits acid at you.
The splash of acid hits you!
* * * LOW HITPOINT WARNING * * *
The acid corrodes you!
You sock the acid dragon!
You headbutt the acid dragon, but do no damage.
The acid dragon is almost dead.
A bullfrog comes into view.
The howler monkey hits you.
* * * LOW HITPOINT WARNING * * *
The acid dragon spits acid at you. The splash of acid hits you!!
You die...

## #########################
... ........................
...###.......................
..........##.................
..........##....###...###....
..........##..........###....
...........)..........)......
.......†.?.h@................
............D...........†....
#####'####......##########'##
........#..###.# .#.......
......>.#......# ..#.......
.........#.....)# ...#.......
.........#......#....#.......
..........F....).....#.......
..#.#####.#####..##.##...##.


You could see an acid dragon (catching breath), a bullfrog and a howler monkey.

Vanquished Creatures
  2 centaur warriors (D:9)
  3 two-headed ogres
  Pikel (D:9)
  2 ugly things (D:9)
  A deep elf pyromancer (D:9)
  2 cyclopes
  Joseph (D:8)
  Psyche (D:8)
  2 hornets (D:9)
  A shadow (D:9)
  A wraith (D:9)
  Grum (D:8)
  A steam dragon (D:7)
  An ice beast (D:5)
  An ogre (D:4)
  A black bear (D:6)
  4 wolves (D:8)
  6 centaurs
  A lemure (D:9)
  2 phantoms
  A bullfrog (D:7)
  2 kobold brigands
  2 scorpions
  3 wights (D:8)
  The ghost of yuxiaojun the Trooper, a weakling MiMo (D:3)
  8 killer bees
  4 electric eels (D:7)
  3 howler monkeys
  Crazy Yiuf (D:2)
  3 hounds
  A jelly (D:8)
  5 orc priests
  4 iguanas
  Natasha (thrice) (D:2)
  6 orc wizards
  6 adders
  A river rat (Sewer)
  3 white imps
  3 ribbon worms
  4 dart slugs
  16 orcs
  11 ball pythons
  4 bats
  8 endoplasms
  7 giant cockroaches
  5 goblins
  5 hobgoblins
  4 jackals (D:3)
  10 kobolds
  2 quokkas (D:5)
  3 frilled lizards
  6 rats
180 creatures vanquished.

Notes
Turn   | Place    | Note
-------+----------+-------------------------------------------
     0 | D:1      | voltaire321 the Oni Gladiator began the quest for the Orb.
     0 | D:1      | Reached XP level 1. HP: 22/22 MP: 1/1
    78 | D:1      | Reached XP level 2. HP: 24/29 MP: 2/2
   389 | D:1      | Reached XP level 3. HP: 37/37 MP: 3/3
   630 | D:1      | Reached skill level 1 in Armour
   924 | D:2      | Found a basalt altar of Yredelemnul.
   928 | D:2      | Noticed Natasha
   937 | D:2      | Killed Natasha
   938 | D:2      | Reached XP level 4. HP: 18/45 MP: 4/4
  1139 | D:2      | Found Syege's Jewellery Emporium.
  1317 | D:2      | Noticed Natasha
  1332 | D:2      | Killed Natasha
  1785 | D:2      | Identified the +9 morningstar of Zibimpal {protect, Int+3
                  | Dex+3 Stlth-}
  1806 | D:2      | Found a runed translucent door.
  1807 | D:2      | Noticed Crazy Yiuf
  1814 | D:2      | Killed Crazy Yiuf
  1815 | D:2      | Reached XP level 5. HP: 29/54 MP: 5/5
  2001 | D:2      | Noticed Natasha
  2006 | D:2      | Killed Natasha
  2396 | D:3      | Found a hazy altar of Hepliaklqana.
  2402 | D:3      | Found a runed translucent gate.
  2402 | D:3      | Noticed yuxiaojun's ghost (weakling MiMo)
  2403 | D:3      | Found a runed translucent gate.
  2404 | D:3      | Found a runed translucent gate.
  2438 | D:3      | Killed yuxiaojun's ghost
  2605 | D:3      | Reached XP level 6. HP: 62/62 MP: 6/6
  2834 | D:4      | Found Dygu's Tiny Tomes.
  2883 | D:4      | Found a blossoming altar of Fedhas.
  3167 | D:4      | Found a broken altar of Ashenzari.
  3485 | D:5      | Entered Level 5 of the Dungeon
  3667 | D:5      | Reached XP level 7. HP: 63/71 MP: 7/7
  3927 | D:5      | Found a glowing drain.
  3942 | Sewer    | Entered a sewer
  4034 | Sewer    | Reached skill level 5 in Maces & Flails
  4134 | Sewer    | Reached skill level 5 in Fighting
  4802 | D:6      | Found an ancient bone altar of Kikubaaqudgha.
  4802 | D:6      | Found a stormy altar of Qazlal.
  4819 | D:6      | Found a white marble altar of Elyvilon.
  4866 | D:6      | Found Boec's Assorted Antiques.
  4874 | D:6      | Bought a square bone amulet for 115 gold pieces
  4908 | D:6      | Reached XP level 8. HP: 79/81 MP: 8/8
  5217 | D:6      | Identified the +10 great sword "Pifets" {flame, rElec rF+}
  5879 | D:7      | Found a transporter.
  5887 | D:7      | Found a transporter.
  6203 | D:7      | Found a staircase to the Ecumenical Temple.
  6215 | Temple   | Entered the Ecumenical Temple
  6229 | Temple   | Became a worshipper of the Wu Jian Council
  6295 | D:7      | Noticed a +0 hand axe
  6297 | D:7      | Found a hide-covered altar of Uskayaw.
  6297 | D:7      | Noticed a +0 hand axe
  6514 | D:7      | Reached skill level 5 in Throwing
  6514 | D:7      | Reached XP level 9. HP: 92/92 MP: 9/9
  6770 | D:7      | Reached skill level 5 in Dodging
  6770 | D:7      | Reached skill level 1 in Evocations
  7085 | D:8      | Noticed Psyche
  7099 | D:8      | Killed Psyche
  7210 | D:8      | Noticed a cyclops
  7215 | D:8      | Killed a cyclops
  7338 | D:8      | Found a basalt altar of Yredelemnul.
  7358 | D:8      | Noticed Grum
  7378 | D:8      | Noticed Joseph
  7379 | D:8      | Noticed a two-headed ogre
  7406 | D:8      | Killed a two-headed ogre
  7407 | D:8      | Reached XP level 10. HP: 104/104 MP: 10/10
  7418 | D:8      | Killed Joseph
  7419 | D:8      | Reached skill level 5 in Armour
  7420 | D:8      | Killed Grum
  7548 | D:8      | Found a glowing silver altar of Zin.
  8019 | D:9      | Noticed a brown ugly thing
  8020 | D:9      | Noticed a centaur warrior
  8020 | D:9      | Noticed a two-headed ogre
  8042 | D:9      | Killed a brown ugly thing
  8110 | D:9      | Noticed a cyclops
  8111 | D:9      | Noticed a deep elf pyromancer
  8111 | D:9      | Noticed a white ugly thing
  8133 | D:9      | Killed a white ugly thing
  8148 | D:9      | Killed a cyclops
  8154 | D:9      | Killed a deep elf pyromancer
  8253 | D:9      | Killed a two-headed ogre
  8253 | D:9      | Reached * piety under Wu Jian
  8254 | D:9      | Reached XP level 11. HP: 83/115 MP: 11/11
  8483 | D:9      | Noticed a two-headed ogre
  8486 | D:9      | Killed a two-headed ogre
  8487 | D:9      | Reached skill level 10 in Maces & Flails
  8492 | D:9      | Paralysed by a hornet for 2 turns
  8543 | D:9      | Killed a centaur warrior
  8640 | D:9      | Paralysed by a hornet for 1 turns
  8838 | D:9      | Noticed Pikel
  8841 | D:9      | Noticed a centaur warrior
  8860 | D:9      | Killed a centaur warrior
  8862 | D:9      | Killed Pikel
  8863 | D:9      | Reached skill level 10 in Fighting
  8866 | D:9      | Killed from afar by an acid dragon

Illustrated notes

Levels and vault maps discovered:
D:1:      minmay_arrival_diagonal_passages, layout_rooms, serial_curves,
          eino_curves_03, eino_curves_02, minmay_heptomino_w4
D:2:      layout_basic, basic_altar, serial_shops, nicolae_shop_peninsula,
          kennysheep_nub, uniq_crazy_yiuf_cottage, uniq_natasha
D:3:      layout_rooms, lemuel_crystal_altar, ebering_ghost_rock_garden,
          chequers_hall_statues_y
D:4:      layout_gridville, evilmike_ruin_ashenzari,
          mainiacjoe_overflow_brackets, nicolae_shop_i_like_small_books_too,
          st_stairs_9
D:5:      layout_basic, gup_sewer_entry_pipe
D:6:      layout_layer_cave, mainiacjoe_overflow_surrounded_room,
          gammafunk_temple_overflow_pools, serial_shops, shop
D:7:      gammafunk_steamed_eel, layout_loops_ring, dancing_weapons_uskayaw,
          minmay_temple_entry_drinking_statues
D:8:      layout_basic, zin_academy, mainiacjoe_overflow_cross_hatched,
          uniq_joseph, uniq_psyche, uniq_grum
D:9:      minmay_the_grid_net [minmay_the_grid_tree, minmay_the_grid_odd_star,
          minmay_the_grid_doors, minmay_the_grid_rooms, minmay_the_grid_armoury,
          minmay_the_grid_prize_four_corners], layout_stronghold, uniq_pikel
Temple:   chequers_temple_sunken

Skill      XL: |  1  2  3  4  5  6  7  8  9 10 11 |
---------------+----------------------------------+-----
Fighting       | 3 4 5 6 7 9 10 | 10.0
Armour         | 1 2 3 4 5 6 |  6.4
Dodging        | 3 4 5 6 7 |  7.0
Throwing       | 3 4 5 6 |  6.0
Maces & Flails | 4 5 6 8 9 10 | 10.5
Evocations     | 2 3 4 |  4.5

Action                     |  1- 3 |  4- 6 |  7- 9 | 10-12 || total
---------------------------+-------+-------+-------+-------++-------
  Melee: Flail             |    86 |    23 |       |       ||   109
         Headbutt          |    12 |     7 |    18 |    24 ||    61
         Morningstar       |       |    69 |   136 |   134 ||   339
         Punch             |       |       |       |     1 ||     1
  Throw: Large rock        |       |     2 |     6 |    11 ||    19
         Throwing net      |       |     1 |       |       ||     1
         Boomerang         |       |       |     6 |       ||     6
Ability: Lunge             |       |       |     3 |     6 ||     9
         Whirlwind         |       |       |       |     9 ||     9
  Evoke: Wand              |       |       |     7 |       ||     7
    Use: Scroll            |       |       |     5 |       ||     5
         Potion            |       |       |     1 |     6 ||     7
 Armour: Robe              |    65 |    63 |   114 |   161 ||   403
  Dodge: Dodged            |    44 |    48 |   104 |    89 ||   285
  Block: Other             |       |       |    17 |    36 ||    53
         Reflection        |       |       |       |     2 ||     2

Table legend: (Time is in decaauts)
 A = Elapsed time spent in this place.
 B = Non-inter-level travel time spent in this place.
 C = Inter-level travel time spent in this place.
 D = Time resting spent in this place.
 E = Time spent auto-exploring this place.
 F = Levels seen in this place.
 G = Mean time per level.
                   A        B        C        D        E       F      G
               +--------+--------+--------+--------+--------+-----+--------+
         Total |   8958 |   8677 |    281 |   1750 |   4788 |  11 |  814.4 |
       Dungeon |   8557 |   8276 |    281 |   1750 |   4672 |   9 |  950.8 |
        Temple |     28 |     28 |      0 |      0 |      0 |   1 |   28.0 |
         Sewer |    371 |    371 |      0 |      0 |    116 |   1 |  371.0 |
               +--------+--------+--------+--------+--------+-----+--------+

Top non-repeatable levels by time:
     D:2: 1311 daAuts
     D:7: 1217 daAuts
     D:6: 1125 daAuts
     D:9: 966 daAuts
     D:1: 885 daAuts
     D:8: 859 daAuts
     D:5: 821 daAuts
     D:4: 741 daAuts
     D:3: 630 daAuts
   Sewer: 371 daAuts
  Temple: 28 daAuts
